 Dungeon Crawl Stone Soup version 0.28-a0-622-gbaef9634d7 (webtiles) character file.

Game seed: 7553704617908164012

95 ytrimaz the Chopper (level 4, -3/40 HPs)
             Began as a Hill Orc Fighter on Oct 7, 2021.
             Slain by a goblin (5 damage)
             ... led by Robin
             ... on level 3 of the Dungeon.
             The game lasted 00:04:36 (2219 turns).

ytrimaz the Chopper (Hill Orc Fighter)              Turns: 2219, Time: 00:04:36

Health: -3/40      AC:  7    Str: 19    XL:     4   Next: 65%
Magic:  4/4        EV:  9    Int:  8    God:
Gold:   62         SH:  4    Dex: 10    Spells: 3/3 levels left

rFire   . . .      SeeInvis .   a - +0 war axe
rCold   . . .      Faith    .   c - +0 buckler
rNeg    . . .      Spirit   .   b - +0 scale mail
rPois   .          Reflect  .   (no helmet)
rElec   .          Harm     .   (no cloak)
rCorr   .          Rampage  .   (no gloves)
Will    .....                   (no boots)
Stlth   ..........              (no amulet)
HPRegen 0.13/turn               (no ring)
MPRegen 0.09/turn               (no ring)

@: lethally poisoned (-3 -> -39)
A: no striking features
a: no special abilities


You were on level 3 of the Dungeon.
You visited 1 branch of the dungeon, and saw 3 of its levels.

You collected 62 gold pieces.

Inventory:

Hand Weapons
 a - a +0 war axe (weapon)
Armour
 b - a +0 scale mail (worn)
 c - a +0 buckler (worn)
Jewellery
 e - an amulet of faith
 i - an amulet of guardian spirit
Scrolls
 f - a scroll of amnesia {unknown}
 g - a scroll of identify {unknown}
 k - a scroll of teleportation {unknown}
Potions
 d - 2 potions of might
 h - a potion of haste {unknown}
 j - a potion of curing {unknown}


   Skills:
 + Level 4.3 Fighting
 + Level 4.4 Axes
 + Level 4.0 Armour
 + Level 3.8 Shields


You had 3 spell levels left.
You didn't know any spells.
Your spell library contained the following spells:

 Spells                   Type           Power      Damage    Failure   Level
 Foxfire                  Conj/Fire      0%         2x1d4     78%         1
 Conjure Flame            Conj/Fire      0%         6-21      98%         3
 Dazzling Flash           Conj/Hex       0%         N/A       98%         3
 Inner Flame              Hex/Fire       0%         N/A       98%         3
 Flame Wave               Conj/Fire      0%         3d3       100%        4
 Agony                    Necr           0%         N/A       100%        5
 Silence                  Hex/Air        0%         N/A       100%        5


Dungeon Overview and Level Annotations

Branches:
Dungeon (3/15)

Altars:

Annotations:
D:3 Robin


Message History

The goblin hits you with a +2 dagger of venom.
You are poisoned.
Your Armour skill increases to level 4!
You closely miss the goblin. You barely miss the goblin.
You closely miss the goblin.
You feel very sick. You block the goblin's attack.
The goblin hits you with a +0 dagger. The goblin hits you but does no damage.
Unknown command.
You closely miss the goblin. You hit the goblin. You closely miss the goblin.
You feel very sick. The goblin barely misses you.
You block the goblin's attack. The goblin hits you but does no damage.
You are more poisoned.
The goblin misses you. You block the goblin's attack.
The goblin hits you with a +2 dagger of venom.
You are lethally poisoned!
You completely miss the goblin. You closely miss the goblin.
You slash the goblin!
You kill the goblin!
You feel extremely sick.
A goblin comes into view. It is wielding a +0 club.
The goblin barely misses you. The goblin hits you but does no damage.
You are more poisoned.
Robin roars a battlecry!
The goblins go into a battle-frenzy!
You block the goblin's attack.
The goblin shouts!
You hear a shout!
You closely miss the goblin. You barely miss the goblin.
You hit the goblin but do no damage.
* * * LOW HITPOINT WARNING * * *
You feel extremely sick.
You hear a shout!
The goblin hits you but does no damage.
The goblin hits you with a +2 dagger of venom.
* * * LOW HITPOINT WARNING * * *
You are more poisoned.
Robin says, "My goblins will feast on your bones."
The goblin hits you with a +0 club.
You die...

#.###.#.#**,* ***,*** **≈≈****≈≈
#.....#.# #.# *** *≈≈≈≈≈≈≈≈≈
......#.# #.# **≈≈****≈≈
........# #.# *≈**≈≈**≈ †.......#
#.# *≈≈≈≈∩≈*≈ †.......# #.#
*####****≈≈≈≈≈≈*≈ ........# #.#
*.=.,,,,****≈≈**≈
..>..######>#####g######*≈≈****≈≈
...............g@gggg...≈≈≈≈≈≈≈≈≈
##...################g.#*≈≈****≈≈
###### *,****** *** *,,,,,,*
********


You could see Robin, a hobgoblin (strong) and 5 goblins.

Vanquished Creatures
  3 gnolls (D:2)
  2 adders (D:2)
  A dart slug (D:2)
  8 endoplasms
  A giant cockroach (D:2)
  4 goblins
  A hobgoblin (D:3)
  2 jackals (D:2)
  6 quokkas
  A ball python (D:3)
  8 bats
  2 frilled lizards (D:2)
  A kobold (D:1)
  2 rats (D:2)
42 creatures vanquished.

Vanquished Creatures (others)
  18 plants (D:2)
18 creatures vanquished.

Grand Total: 60 creatures vanquished

Notes
Turn   | Place    | Note
-------+----------+-------------------------------------------
     0 | D:1      | ytrimaz the Hill Orc Fighter began the quest for the Orb.
     0 | D:1      | Reached XP level 1. HP: 19/19 MP: 1/1
   281 | D:1      | Reached XP level 2. HP: 27/27 MP: 2/2
  1082 | D:2      | Reached XP level 3. HP: 30/33 MP: 3/3
  1220 | D:2      | Reached XP level 4. HP: 25/40 MP: 4/4
  2212 | D:3      | Noticed Robin
  2219 | D:3      | HP: 2/40 [goblin[Robin] (3)]
  2219 | D:3      | Slain by a goblin

Illustrated notes

Levels and vault maps discovered:
D:1:      dpeg_arrival_windows_large_door, layout_basic
D:2:      wad_woods_settlement, layout_basic
D:3:      kennysheep_the_goblin_king, layout_loops_ring,
          cheibrodos_worm_habitat, gup_sewer_entry_bubbles,
          hellmonk_ecumenical_altar_leap_of_faith, kennysheep_generic_room_10,
          uniq_natasha, uniq_grinder, uniq_terence, uniq_sigmund, uniq_robin

Skill      XL: |  1  2  3  4 |
---------------+-------------+-----
Axes           | 3 4 |  4.4
Fighting       | 4 |  4.3
Armour         | 4 |  4.0
Shields        | |  3.8

Action                   |  1- 3 |  4- 6 || total
-------------------------+-------+-------++-------
Melee: War axe           |    89 |    59 ||   148
  Use: Scroll            |     1 |     1 ||     2
Armor: Scale mail        |    71 |    39 ||   110
Dodge: Dodged            |    67 |    47 ||   114
Block: Buckler           |    29 |    13 ||    42

Table legend: (Time is in decaauts)
 A = Elapsed time spent in this place.
 B = Non-inter-level travel time spent in this place.
 C = Inter-level travel time spent in this place.
 D = Time resting spent in this place.
 E = Time spent auto-exploring this place.
 F = Levels seen in this place.
 G = Mean time per level.
                   A        B        C        D        E       F      G
               +--------+--------+--------+--------+--------+-----+--------+
         Total |   2268 |   2213 |     55 |      0 |   1672 |   3 |  756.0 |
       Dungeon |   2268 |   2213 |     55 |      0 |   1672 |   3 |  756.0 |
               +--------+--------+--------+--------+--------+-----+--------+

Top non-repeatable levels by time:
     D:2: 1207 daAuts
     D:1: 1012 daAuts
     D:3: 48 daAuts
